 Dungeon Crawl Stone Soup version 0.30-a0-476-g330ca2eb8e (webtiles) character file.

Game seed: 16669666985409317313

256 Darkkill the Shooter (level 5, -7/46 HPs)
             Began as a Minotaur Hunter on Dec 21, 2022.
             Mangled by an ogre
             ... wielding a +0 giant club
              (25 damage)
             ... on level 3 of the Dungeon.
             The game lasted 00:02:33 (3033 turns).

Darkkill the Shooter (Minotaur Hunter)              Turns: 3033, Time: 00:02:34

Health: -7/46      AC:  5    Str: 16    XL:     5   Next: 92%
Magic:  4/4        EV: 13    Int:  6    God:
Gold:   159        SH:  0    Dex: 15    Spells: 4/4 levels left

rFire   . . .      SeeInvis .    a - +0 shortbow
rCold   . . .      Faith    .    (shield currently unavailable)
rNeg    . . .      Spirit   .    c - +2 leather armour
rPois   .          Reflect  .    (helmet restricted)
rElec   .          Harm     .    (no cloak)
rCorr   .          Rampage  .    (no gloves)
Will    .....                    (no boots)
Stlth   ++........               (no amulet)
HPRegen 0.27/turn                (no ring)
MPRegen 0.09/turn                (no ring)

@: no status effects
A: horns 2, retaliatory headbutt
a: no special abilities


You were on level 3 of the Dungeon.
You visited 1 branch of the dungeon, and saw 3 of its levels.

You collected 159 gold pieces.

Inventory:

Hand Weapons
 a - a +0 shortbow (weapon)
 f - the +2 Maxwell's thermic engine {flame, freeze}
   (You found it on level 3 of the Dungeon)

   It burns those it strikes, dealing additional fire damage.
   Big, fiery blades are also staple armaments of hydra-hunters.
   It freezes those it strikes, dealing additional cold damage.
   It can also slow down cold-blooded creatures.
   It becomes more effective when it hits something.
   This effect fades over time.
Missiles
 e - 24 stones
Armour
 c - a +2 leather armour (worn)
 n - a +2 hat
Scrolls
 b - 2 scrolls of immolation
 l - 2 scrolls of identify {@r1}
 o - a scroll of magic mapping
Potions
 d - 2 potions of mutation
 g - a potion of haste
 h - a potion of invisibility
 i - 2 potions of resistance
 k - 5 potions of curing {@q1}
 p - 2 potions of brilliance


   Skills:
 + Level 4.2 Fighting
 + Level 5.4 Ranged Weapons
 + Level 3.9 Dodging
 + Level 2.6 Stealth


You had 4 spell levels left.
You didn't know any spells.
Your spell library was empty.

Dungeon Overview and Level Annotations

Branches:
Dungeon (3/15)

Altars:

Shops:
D:1 [?***

Annotations:
D:3 2 transporters, Bobbunny's ghost, novice MiFi


Innate Abilities, Weirdness & Mutations

You have a pair of horns on your head.
You reflexively headbutt those who attack you in melee.


Message History

The phantom is lightly damaged.
The phantom hits you.
The phantom blinks!
A phantom is nearby!
You shoot an arrow. The arrow barely misses the phantom.
A phantom is nearby!
You shoot an arrow. The arrow hits the phantom!
The phantom is moderately damaged.
A phantom is nearby!
You shoot an arrow. The arrow hits the phantom.
The phantom is heavily damaged.
A phantom is nearby!
You shoot an arrow. The arrow hits the phantom!
The phantom is almost destroyed.
A phantom is nearby!
You shoot an arrow. The arrow barely misses the phantom.
You shoot an arrow. The arrow hits the phantom!
You destroy the phantom!
Your Fighting skill increases to level 4!
There's something in the way.
There's something in the way.
There's something in the way.
Found a leather armour.
No target in view!
Found a transporter.
No target in view!
p - 2 murky emerald potions Bobbunny's ghost turns its malevolent gaze towards you.
A frilled lizard comes into view.
You shoot an arrow. The arrow misses the frilled lizard.
The frilled lizard hisses angrily.
A frilled lizard is nearby!
You shoot an arrow. The arrow hits the frilled lizard!
You kill the frilled lizard!
k - 5 potions of curing {@q1} (gained 1)
d - 2 potions of mutation (gained 1)
There is a stone staircase leading down here.
Found a transporter.
No target in view!
Bobbunny's ghost screams, "Zot is a myth, the ORB is a fable, you'll soon be a tale!"
There is a stone staircase leading up here.
Things that are here:
a +0 whip; a +0 leather armour A hobgoblin comes into view.
The hobgoblin shouts!
The hobgoblin moves out of view.
No target in view!
You shoot an arrow. The arrow hits the hobgoblin.
The hobgoblin is heavily wounded.
A hobgoblin is nearby!
You shoot an arrow.
The arrow hits the hobgoblin but does no damage.
The hobgoblin is heavily wounded.
A hobgoblin is nearby!
You shoot an arrow. The arrow hits the hobgoblin.
You kill the hobgoblin!
Partly explored, unvisited transporter.
No target in view!
Partly explored, unvisited transporter.
No target in view!
Partly explored, unvisited transporter.
No target in view!
Partly explored, unvisited transporter.
No target in view!
Partly explored, unvisited transporter.
No target in view!
Partly explored, unvisited transporter.
No target in view!
Partly explored, unvisited transporter.
As you read the scroll labelled DUOMI CORIMN, it crumbles to dust.
It is a scroll of amnesia.
You feel forgetful for a moment.
The air fills with toxic fumes!
As you read the scroll labelled ECOGGI QIREKA, it crumbles to dust.
It was a scroll of poison.
Okay, then.
You start waiting.
An ogre comes into view. It is wielding a +0 giant club.
As you read the scroll of identify {@r1}, it crumbles to dust.
p - 2 potions of brilliance The ogre shouts!
Fire: a) +0 shortbow
Press: ? - help, Q - select action, (/) - cycle Shift-Dir - straight line, f - ogre
Aim: an ogre, wielding a +0 giant club (77% to hit)
You shoot an arrow. The arrow hits the ogre.
The ogre is lightly wounded.
Fire: a) +0 shortbow
Press: ? - help, Q - select action, (/) - cycle Shift-Dir - straight line, f/p - ogre
Aim: an ogre, wielding a +0 giant club (lightly wounded, 77% to hit)
You shoot an arrow. The arrow hits the ogre!
The ogre is heavily wounded.
The ogre hits you with a +0 giant club!!
Ouch! That really hurt!
Fire: a) +0 shortbow
Press: ? - help, Q - select action, (/) - cycle Shift-Dir - straight line, f/p - ogre
Aim: an ogre, wielding a +0 giant club (heavily wounded, 77% to hit)
You shoot an arrow. The arrow hits the ogre!
The ogre is severely wounded.
The ogre hits you with a +0 giant club!!
Ouch! That really hurt!
You die...

#.......# #########
##.......#
####.......###........#
##....#####.....##...###
#..#### ##..####...# #.##
#..####.#.# #.#
#####.#.~.#.#.# #.#
#≈##~.#♣..~.#.# # #.#
#@#...≈~.~~.#†#### #.#
#~O♣~.~≈~♣..#..... ##.#
###..~~~≈.≈...######
#..####..~.≈~~#..~~.# #
#.###...#..~..≈~~...# ###
#.##..#.#≈~~#≈.~#~~.###.##
#.#..##.#~.~#~.~#.........
#...###.##~..♣~.#≈#####.##
##### #.####...#### ###


You could see an ogre.

Vanquished Creatures
  A phantom (D:3)
  7 gnolls
  2 adders
  A shadow imp (D:3)
  An ufetubus (D:3)
  7 orcs (D:3)
  6 bats
  12 endoplasms
  3 giant cockroaches
  4 goblins
  7 hobgoblins
  3 kobolds
  4 quokkas
  5 ball pythons
  7 frilled lizards
  9 rats
79 creatures vanquished.

Vanquished Creatures (others)
  2 plants (D:1)
2 creatures vanquished.

Grand Total: 81 creatures vanquished

Notes
Turn   | Place    | Note
-------+----------+-------------------------------------------
     0 | D:1      | Darkkill the Minotaur Hunter began the quest for the Orb.
     0 | D:1      | Reached XP level 1. HP: 18/18 MP: 0/0
    96 | D:1      | Found Idwufoe's Magic Scroll Shoppe.
   114 | D:1      | Reached skill level 1 in Stealth
   189 | D:1      | Reached XP level 2. HP: 25/25 MP: 1/1
   397 | D:1      | Found Veofof's General Store.
   408 | D:1      | Found Wuhehuf's Antique Armour Shop.
   534 | D:1      | Found Ylutisu's General Store.
   546 | D:1      | Found Pihiupn's General Store.
   769 | D:1      | Found a faded altar of an unknown god.
   926 | D:2      | Reached XP level 3. HP: 31/31 MP: 2/2
   992 | D:2      | HP: 2/31 [frozen (5)]
  1356 | D:2      | Reached XP level 4. HP: 35/38 MP: 3/3
  1937 | D:3      | Reached skill level 5 in Ranged Weapons
  2023 | D:3      | Found the +2 Maxwell's thermic engine {flame, freeze}
  2188 | D:3      | Reached XP level 5. HP: 44/46 MP: 4/4
  2791 | D:3      | Noticed a phantom
  2799 | D:3      | Killed a phantom
  2827 | D:3      | Found a transporter.
  2830 | D:3      | Noticed Bobbunny's ghost (novice MiFi)
  2831 | D:3      | Noticed a phantom
  2886 | D:3      | Found a transporter.
  3029 | D:3      | Noticed an ogre
  3033 | D:3      | Mangled by an ogre

Illustrated notes

Levels and vault maps discovered:
D:1:      wander_arrival_lonely_grave, layout_basic, serial_shops,
          nicolae_shop_hallway_stairs, nicolae_shop_advertising_works
          [nicolae_subvault_shop_adworks], shop, nicolae_shop_behind_doors,
          shop, hellmonk_ecumenical_altar_blasted, dk_noncrumbling_4,
          serial_bayou_pond_c
D:2:      layout_loops_ring
D:3:      minmay_bubble_buster, layout_loops_ring, gammafunk_ghost_mausoleum,
          grunt_decor_arrowhead, chequers_serial_rivers_marsh, kennysheep_donut

Skill      XL: |  1  2  3  4  5 |
---------------+----------------+-----
Stealth        | 1 2 |  2.6
Fighting       | 3 4 |  4.2
Dodging        | 3 |  3.9
Ranged Weapons | 5 |  5.4

Action                   |  1- 3 |  4- 6 || total
-------------------------+-------+-------++-------
 Fire: Shortbow          |   103 |   139 ||   242
  Use: Scroll            |    10 |     9 ||    19
       Potion            |     1 |       ||     1
Armor: Leather armour    |    20 |    19 ||    39
Dodge: Dodged            |    38 |    41 ||    79

Table legend: (Time is in decaauts)
 A = Elapsed time spent in this place.
 B = Non-inter-level travel time spent in this place.
 C = Inter-level travel time spent in this place.
 D = Time resting spent in this place.
 E = Time spent auto-exploring this place.
 F = Levels seen in this place.
 G = Mean time per level.
                   A        B        C        D        E       F      G
               +--------+--------+--------+--------+--------+-----+--------+
         Total |   3104 |   3052 |     52 |    162 |   2402 |   3 | 1034.7 |
       Dungeon |   3104 |   3052 |     52 |    162 |   2402 |   3 | 1034.7 |
               +--------+--------+--------+--------+--------+-----+--------+

Top non-repeatable levels by time:
     D:3: 1161 daAuts
     D:2: 1085 daAuts
     D:1: 857 daAuts

Table legend:
 A = Kills in this place as a percentage of kills in entire the game.
 B = Kills by you in this place as a percentage of kills by you in the entire game.
 C = Kills by friends in this place as a percentage of kills by friends in the entire game.
 D = Other kills in this place as a percentage of other kills in the entire game.
 E = Experience gained in this place as a percentage of experience gained in the entire game.
 F = Experience gained in this place divided by the number of levels of this place that you have seen.
                   A       B       C       D       E      F
               +-------+-------+-------+-------+-------+----------------------
         Total | 100.0 | 100.0 |   N/A |   N/A | 100.0 | 122.3
       Dungeon | 100.0 | 100.0 |   N/A |   N/A | 100.0 | 122.3
               +-------+-------+-------+-------+-------+----------------------
